 Dungeon Crawl Stone Soup version 0.21-a0-576-ge8bd881 (webtiles) character file.

9380 Bluekicks the Thaumaturge (level 11, -1/99 HPs)
             Began as a Purple Draconian Conjurer on Dec 17, 2017.
             Was an Initiate of Vehumet.
             Slain by an orc warrior
             ... wielding a +0 glaive
              (10 damage)
             ... on level 1 of the Orcish Mines.
             The game lasted 04:28:24 (13150 turns).

Bluekicks the Thaumaturge (DrCj)                   Turns: 13150, Time: 04:28:24

Health: -1/99      AC: 12    Str: 10    XL:     11   Next: 22%
Magic:  4/25       EV: 16    Int: 17    God:    Vehumet [......]
Gold:   360        SH:  0    Dex: 14    Spells: 19/30 levels left

rFire    . . .     SeeInvis +   r - +5 quarterstaff (chaos)
rCold    . . .     Gourm    .   (shield currently unavailable)
rNeg     . . .     Faith    .   (armour unavailable)
rPois    .         Spirit   .   E - +2 hat {SInv}
rElec    .         Reflect  .   t - +0 cloak
rCorr    .         Harm     .   D - +1 pair of gloves
MR       +....                  (no boots)
Stlth    +++.......             n - amulet of magic regeneration
HPRegen  0.26/turn              m - ring of wizardry
MPRegen  0.44/turn              (no ring)

@: no status effects
A: breathe power, unfitting armour, cold-blooded, AC +7
a: Breathe Dispelling Energy, Renounce Religion


You were on level 1 of the Orcish Mines.
You worshipped Vehumet.
Vehumet was noncommittal.
You were hungry.

You visited 3 branches of the dungeon, and saw 11 of its levels.
You also visited: Sewer.

You collected 514 gold pieces.
You spent 154 gold pieces at shops.

Inventory:

Hand Weapons
 f - a +3 dagger
 g - a +0 hunting sling
 r - a +5 quarterstaff of chaos (weapon)
 v - a +0 blowgun
 y - a +0 shortbow
 M - a +4 war axe
Missiles
 d - 147 poisoned needles
 e - 36 bolts
 j - 340 stones
 o - 54 sling bullets (quivered)
 p - 5 throwing nets
 s - 15 tomahawks
 C - 172 arrows
 P - 6 curare-tipped needles
Armour
 t - a +0 cloak (worn)
 D - a +1 pair of gloves (worn)
 E - a +2 hat of see invisible (worn)
Magical Staves
 K - an uncursed staff of poison
Jewellery
 m - a ring of wizardry (left hand)
 n - an amulet of magic regeneration (around neck)
Wands
 z - a wand of iceblast (23)
 N - a wand of paralysis (10)
 O - a wand of digging (9)
Scrolls
 c - a scroll of remove curse
 x - 2 scrolls of blinking
 B - 2 scrolls of enchant weapon
 H - 2 scrolls of teleportation
 I - 2 scrolls of identify
Potions
 h - 3 potions of ambrosia
 i - 5 potions of curing
 k - 2 potions of agility
 l - a potion of cancellation
 q - 4 potions of might
 u - 2 potions of flight
 w - 4 potions of magic
 A - 3 potions of heal wounds
 F - 2 potions of berserk rage
 J - 2 potions of lignification
Books
 a - a book of Conjurations

   Spells                             Type                      Level
   a - Magic Dart                     Conjuration                  1
   b - Searing Ray                    Conjuration                  2
   c - Dazzling Spray                 Conjuration/Hexes            3
   d - Fulminant Prism                Conjuration/Hexes            4
   e - Force Lance                    Conjuration/Translocation    4
   f - Iskenderun's Mystic Blast      Conjuration                  4
Comestibles
 b - 7 rations
 L - a ration


   Skills:
 * Level 10.0 Fighting
 + Level 6.4 Dodging
 + Level 7.1 Stealth
 * Level 10.4 Spellcasting
 + Level 8.1 Conjurations


You had 19 spell levels left.
You knew the following spells:

 Your Spells              Type           Power        Failure   Level  Hunger
a - Magic Dart            Conj           ####         1%          1    None
b - Searing Ray           Conj           #####.       1%          2    None
c - Iskenderun's Mystic   Conj           #####...     1%          4    ###....
d - Fulminant Prism       Conj/Hex       ###.......   6%          4    ###....


Dungeon Overview and Level Annotations

Branches:
Dungeon (9/15)             Temple (1/1) D:5             Orc (1/2) D:9
   Lair: D:8-11

Altars:
Ashenzari
Cheibriados
Dithmenos
Elyvilon
Fedhas
Gozag
Hepliaklqana
Kikubaaqudgha
Makhleb
Nemelex Xobeh
Okawaru
Qazlal
Ru
Sif Muna
Trog
Uskayaw
Vehumet
Wu Jian
Xom
Yredelemnul
Zin
The Shining One

Shops:
D:5 ?([   Orc:1 !


Innate Abilities, Weirdness & Mutations

You can breathe bolts of dispelling energy.
Your rich purple scales are hard. (AC +7)
You cannot fit into any form of body armour.
You are cold-blooded and may be slowed by cold attacks.


Message History

An orc priest comes into view. It is wielding a club.
The orc priest calls upon Beogh to heal the orc warrior.
The orc warrior is healed somewhat.
The orc priest mumbles some strange prayers to Beogh against you.
Beogh smites you!
The orc priest begins to cast a cantrip, but forgets the words!
The orc priest mumbles some strange prayers to Beogh against you.
Beogh smites you!
* * * LOW HITPOINT WARNING * * *
Things that are here:
a war axe; a scale mail; an orc corpse The orc warrior hits you from afar with a glaive!
* * * LOW HITPOINT WARNING * * *
The orc priest calls upon Beogh to heal the orc warrior.
The orc warrior is healed somewhat.
There is a staircase back to the Dungeon here.
Things that are here:
a hand axe; a scale mail The orc warrior hits you from afar with a glaive!
You die...

#o.)#...##
#oo.....#
#####......####
##.#..o)###..#.##
#........###....#
##.∩..oo###..#.##
###.##..#...###
####..o.)##
##.).@.# #.##.##
######


You could see an orc warrior and 2 orc priests.

Vanquished Creatures
  Gastronok (D:9)
  The ghost of Vlans the Arsonist, a novice OgFE of Vehumet (D:9)
  A two-headed ogre (D:8)
  Pikel (D:9)
  3 trolls
  The ghost of smazza the Ruffian, an amateur DrTm (D:4)
  Edmund (D:5)
  3 water moccasins (D:8)
  5 orc warriors
  A black bear (D:7)
  3 phantoms
  A sky beast (D:7)
  4 slaves (D:9)
  5 ogres
  3 centaurs
  10 big kobolds
  3 gnoll sergeants (D:9)
  4 bullfrogs
  3 scorpions
  10 killer bees
  2 howler monkeys (D:5)
  2 crimson imps
  A centaur zombie (D:5)
  2 bullfrog zombies
  3 centaur skeletons
  2 hounds
  Crazy Yiuf (D:2)
  6 orc priests
  A bullfrog skeleton (D:8)
  A gnoll shaman (D:4)
  5 orc wizards
  6 worker ants
  A howler monkey zombie (D:5)
  A worker ant zombie (D:8)
  A howler monkey skeleton (D:5)
  14 gnolls
  13 adders
  A river rat (D:3)
  A shadow imp (D:6)
  An ooze (D:5)
  An adder zombie (D:7)
  5 worms
  3 adder skeletons
  A dart slug (D:4)
  7 leopard geckos
  50 orcs
  5 ball pythons
  6 giant cockroaches
  12 goblins
  11 hobgoblins
  11 jackals
  37 kobolds
  4 quokkas
  9 bats
  8 frilled lizards
  2 leopard gecko zombies
  3 quokka skeletons
  13 rats
317 creatures vanquished.

Vanquished Creatures (others)
  63 fulminant prisms
63 creatures vanquished.

Grand Total: 380 creatures vanquished

Notes
Turn   | Place    | Note
-------+----------+-------------------------------------------
     0 | D:1      | Bluekicks the Draconian Conjurer began the quest for the Orb.
     0 | D:1      | Reached XP level 1. HP: 14/14 MP: 3/3
   252 | D:1      | Reached XP level 2. HP: 18/20 MP: 1/5
   480 | D:1      | Learned a level 2 spell: Searing Ray
   899 | D:1      | Reached XP level 3. HP: 27/27 MP: 2/6
  1542 | D:2      | Reached skill level 1 in Fighting
  1561 | D:2      | Reached XP level 4. HP: 26/35 MP: 3/7
  1567 | D:2      | Learned a level 4 spell: Iskenderun's Mystic Blast
  1900 | D:2      | Found a runed door.
  1904 | D:2      | Noticed Crazy Yiuf
  1911 | D:2      | Killed Crazy Yiuf
  2116 | D:3      | Found a sparkling altar of Nemelex Xobeh.
  2239 | D:3      | Reached XP level 5. HP: 35/41 MP: 2/9
  2680 | D:3      | Found a glowing drain.
  2684 | Sewer    | Entered a sewer
  2719 | Sewer    | Reached skill level 5 in Conjurations
  2910 | Sewer    | Reached XP level 6. HP: 50/50 MP: 6/10
  3052 | Sewer    | Learned a level 4 spell: Fulminant Prism
  3741 | D:4      | Noticed smazza's ghost (amateur DrTm)
  3813 | D:4      | Killed smazza's ghost
  3813 | D:4      | Your scales start taking on a rich purple colour.
  3813 | D:4      | Reached XP level 7. HP: 45/57 MP: 3/14
  3877 | D:4      | Reached skill level 5 in Spellcasting
  4671 | D:4      | Found a glowing silver altar of Zin.
  4782 | D:4      | Found an iron altar of Okawaru.
  4996 | D:4      | Found a blossoming altar of Fedhas.
  5315 | D:5      | Entered Level 5 of the Dungeon
  5371 | D:5      | Reached XP level 8. HP: 67/67 MP: 1/16
  5375 | D:5      | Noticed Edmund
  5383 | D:5      | Killed Edmund
  5523 | D:5      | Reached skill level 5 in Fighting
  5624 | D:5      | Found Neamuq's Armour Boutique.
  5979 | D:5      | Found a staircase to the Ecumenical Temple.
  5991 | Temple   | Entered the Ecumenical Temple
  6459 | D:5      | Found Jocit's Antique Weapon Boutique.
  6539 | D:5      | Found Zeq Navodomo's Magic Scroll Emporium.
  6556 | D:5      | Bought a scroll of remove curse for 42 gold pieces
  6556 | D:5      | Bought a scroll of teleportation for 42 gold pieces
  6556 | D:5      | Bought a scroll of teleportation for 42 gold pieces
  6556 | D:5      | Bought a scroll of identify for 28 gold pieces
  7449 | D:6      | Found an ornate altar of the Wu Jian Council.
  8507 | D:7      | Reached XP level 9. HP: 75/75 MP: 11/19
  9009 | D:8      | Reached skill level 5 in Stealth
  9339 | D:8      | Noticed a two-headed ogre
  9353 | D:8      | Killed a two-headed ogre
  9353 | D:8      | Reached skill level 5 in Dodging
 10054 | D:9      | Noticed Vlans's ghost (novice OgFE)
 10211 | D:9      | Noticed Gastronok
 10230 | D:9      | HP: 4/81 [Gastronok/the air (24)]
 10255 | D:9      | Reached XP level 10. HP: 52/88 MP: 11/22
 10281 | D:9      | Killed Gastronok
 11300 | D:9      | Killed Vlans's ghost
 11300 | D:9      | Reached skill level 10 in Spellcasting
 11724 | D:9      | Reached XP level 11. HP: 20/97 MP: 7/25
 12051 | D:9      | Found a staircase to the Orcish Mines.
 12129 | D:9      | Noticed Pikel
 12142 | D:9      | Killed Pikel
 12888 | D:9      | Found a burning altar of Makhleb.
 12889 | D:9      | Found a radiant altar of Vehumet.
 12894 | D:9      | Became a worshipper of Vehumet
 12973 | D:9      | Upgraded the game from 0.21-a0-552-g593960d to 0.21-a0-575-g651f7c3
 12973 | D:9      | Upgraded the game from 0.21-a0-575-g651f7c3 to 0.21-a0-576-ge8bd881
 12974 | Orc:1    | Entered Level 1 of the Orcish Mines
 13101 | Orc:1    | Found Cacaalo's Distillery.
 13144 | Orc:1    | Reached skill level 10 in Fighting
 13150 | Orc:1    | Slain by an orc warrior

Vault maps used:
D:1:      dpeg_arrival_orchard, minmay_tetromino_i4
D:2:      first_bread, uniq_crazy_yiuf_cottage
D:3:      nemelex_xobeh_ov_fountains_minmay, gup_sewer_entry_bowl
D:4:      nicolae_overflow_crystal_walls, okawaru_altar_gauntlet_db,
          fedhas_altar_2
D:5:      lemuel_temple_firewalk_a, serial_bayou, serial_bayou_lake_a,
          serial_bayou_crossing, serial_bayou_shore_b, serial_bayou_pond_c,
          serial_shops, shop, shop_fountains,
          nicolae_shop_temple_entry_statues_fountains, uniq_edmund
D:6:      kennysheep_mini_moat
D:9:      grunt_temple_overflow_lords_of_destruction,
          kennysheep_orc_monster_closet_entryway, uniq_gastronok, uniq_pikel
Temple:   compressed_dpeg_circular_temple
Orc:1:    nicolae_orc_accident_1, serial_shops, shop_fountains,
          nicolae_shop_stone, nicolae_shop_stone, shop, bh_open_orc_temple,
          uniq_erica
Sewer:    kennysheep_pipe_town

Skill      XL: |  1  2  3  4  5  6  7  8  9 10 11 |
---------------+----------------------------------+-----
Stealth        | 2 3 4 5 6 7 |  7.1
Dodging        | 2 3 4 5 6 |  6.4
Fighting       | 1 2 3 4 6 8 9 10 | 10.0
Spellcasting   | 3 4 5 7 8 10 | 10.4
Conjurations   | 5 6 7 8 |  8.1

Action                   |  1- 3 |  4- 6 |  7- 9 | 10-12 || total
-------------------------+-------+-------+-------+-------++-------
Melee: Dagger            |    31 |     1 |       |       ||    32
       Club              |     1 |       |       |       ||     1
       Tailslap          |     2 |     2 |     1 |     1 ||     6
       Quarterstaff      |       |    37 |    34 |    27 ||    98
 Fire: Blowgun           |       |     8 |    37 |     7 ||    52
 Cast: Magic Dart        |    47 |    59 |   122 |    30 ||   258
       Searing Ray       |    12 |    23 |    64 |    38 ||   137
       Iskenderun's Myst |       |    12 |    34 |    11 ||    57
       Fulminant Prism   |       |     3 |    34 |    26 ||    63
 Abil: Breathe Dispellin |       |       |     5 |     9 ||    14
Evoke: Wand              |       |       |     5 |    10 ||    15
  Use: Scroll            |     1 |     4 |     8 |     1 ||    14
       Potion            |     1 |     7 |     7 |     2 ||    17
 Stab: Paralysed         |       |     1 |       |     1 ||     2
  Eat: Chunk             |     3 |    11 |    14 |     3 ||    31
       Buggy jelly       |       |       |     3 |     1 ||     4
       Ration            |       |       |     2 |       ||     2
       Buggy fruit       |       |       |       |     6 ||     6
       Buggy ration      |       |       |       |     1 ||     1
Armor: Skin              |    12 |    22 |    43 |    54 ||   131
Dodge: Dodged            |    18 |    60 |    92 |    99 ||   269

Table legend:
 A = Spawn XP
 B = Non-spawn XP
 C = Spawn XP percentage of total XP
 D = Spawn monster count
 E = Non-spawn monster count
 F = Spawn count percentage of total count
 G = Total turns spent on level
                    A         B        C        D         E        F      G
               +---------+---------+-------+---------+---------+-------+---------
         Total |       0 |   13401 |   0.0 |       0 |     313 |   0.0 | 13150
               +---------+---------+-------+---------+---------+-------+---------
           D:1 |       0 |      44 |   0.0 |       0 |      28 |   0.0 |  1077
           D:2 |       0 |     107 |   0.0 |       0 |      21 |   0.0 |   935
           D:3 |       0 |     233 |   0.0 |       0 |      33 |   0.0 |  1214
           D:4 |       0 |     661 |   0.0 |       0 |      34 |   0.0 |  1556
           D:5 |       0 |     660 |   0.0 |       0 |      32 |   0.0 |  1259
           D:6 |       0 |     367 |   0.0 |       0 |      13 |   0.0 |  1345
           D:7 |       0 |     655 |   0.0 |       0 |      23 |   0.0 |   787
           D:8 |       0 |    2274 |   0.0 |       0 |      39 |   0.0 |  1684
           D:9 |       0 |    7369 |   0.0 |       0 |      56 |   0.0 |  2393
         Orc:1 |       0 |     793 |   0.0 |       0 |      10 |   0.0 |   176
         Sewer |       0 |     238 |   0.0 |       0 |      24 |   0.0 |   533
               +---------+---------+-------+---------+---------+-------+---------
